 Dungeon Crawl Stone Soup version 0.30.1 (webtiles) character file.

Game seed: 6365561063167779358

112 cdecastro the Magician (level 5, -3/39 HPs)
             Began as a Djinni Transmuter on July 8, 2023.
             Slain by an orc
             ... wielding a +0 flail
              (10 damage)
             ... on level 3 of the Dungeon.
             The game lasted 00:06:18 (3388 turns).

cdecastro the Magician (Djinni Transmuter)          Turns: 3388, Time: 00:06:19

Health: -3/39      AC:  2    Str:  9    XL:     5   Next: 16%
Gold:   141        EV: 12    Int: 16    God:
                   SH:  0    Dex: 14

rFire   + + .        c - +0 dagger
rCold   x . .        (no shield)
rNeg    . . .        a - +0 robe
rPois   ∞            (helmet currently unavailable)
rElec   .            h - scarf {shadows}
rCorr   +            (no gloves)
SInv    .            (boots unavailable)
Will    .....        (no amulet)
Stlth   +            i - ring of resist corrosion
HPRegen 0.26/turn    (no ring)
MPRegen 0.00/turn

%: infuse magic (-4 HP)
@: appendages (expiring), flying
A: horns 2, flying, sickness immunity, fire resistance 2, cold vulnerability 1,
float, innate caster, HP casting, extra vitality 1
a: End Transformation


You were on level 3 of the Dungeon.
You had temporarily grown beastly horns.
You visited 1 branch of the dungeon, and saw 4 of its levels.

You collected 141 gold pieces.

Inventory:

Hand Weapons
 c - a +0 dagger (weapon)
Missiles
 o - a throwing net
 q - 4 atropa-tipped darts
Armour
 a - a +0 robe (worn)
 h - a scarf of shadows (worn)
Jewellery
 i - a ring of resist corrosion (left hand)
Scrolls
 b - a scroll of blinking {unknown}
 e - 2 scrolls of teleportation {unknown}
 g - 2 scrolls of identify {unknown}
 l - a scroll of vulnerability {unknown}
Potions
 d - 2 potions of attraction {unknown}
 f - a potion of resistance {unknown}
 j - 2 potions of berserk rage {unknown}
 k - a potion of curing {unknown}
 m - a potion of magic {unknown}
 n - a potion of heal wounds {unknown}
 p - a potion of might {unknown}


   Skills:
 + Level 2.5 Fighting
 - Level 2.1 Dodging
 - Level 3.0 Unarmed Combat
 * Level 3.2 Spellcasting


You knew the following spells:

 Your Spells              Type           Power      Damage    Failure   Level
a - Beastly Appendage     Tmut           26%        N/A       4%          1
b - Wereblood             Tmut           13%        N/A       8%          2
c - Spider Form           Tmut/Pois      13%        N/A       14%         3
d - Ice Form              Ice/Tmut       13%        N/A       43%         4
e - Shock                 Conj/Air       52%        1d6       4%          1
f - Blink                 Tloc           26%        N/A       8%          2
Your spell library was empty.

Dungeon Overview and Level Annotations

Branches:
Dungeon (4/15)
 Temple: D:4-7

Altars:

Shops:
D:1 [


Innate Abilities, Weirdness & Mutations

You have temporarily grown beastly horns.
You are flying.
You are immune to sickness and miasma.
You are immune to poison.
Your flesh is very heat resistant. (rF++)
You are vulnerable to cold. (rC-)
You float through the air rather than walking.
You learn spells naturally, not from books.
Your magical power is your life essence.
You have superior vitality. (+4 MHP)


Message History

Deactivating autopickup; reactivate with Ctrl-A.
The orc hits you with a +0 flail.
You fly upwards.
Reactivating autopickup.
There is a stone staircase leading down here.
Unknown command.
Casting: Beastly Appendage (safe; 4% risk of failure)
Press: ? - help, Q - select action, (/) - cycle Dir - look around, f - activate You grow a pair of large bovine horns.
The orc hits you with a +0 flail. The kobold misses you.
Unknown command.
You hit the kobold.
The kobold is heavily wounded.
The orc hits you with a +0 flail. The kobold barely misses you.
You hit the kobold.
You kill the kobold!
The orc barely misses you. The orc attacks as you move away!
The orc hits you but does no damage.
Things that are here:
a +0 whip; a kobold corpse You barely miss the orc.
You headbutt the orc, but do no damage. The orc misses you.
You hit the orc but do no damage. Your headbutt misses the orc.
Your punch misses the orc. The orc hits you with a +0 flail!
You hit the orc but do no damage. The orc hits you with a +0 flail.
* * * LOW HITPOINT WARNING * * *
You hit the orc but do no damage. The orc closely misses you.
You barely miss the orc. The orc hits you with a +0 flail.
* * * LOW HITPOINT WARNING * * *
You hit the orc but do no damage. You headbutt the orc, but do no damage.
Your transformation is almost over.
The orc hits you with a +0 flail.
* * * LOW HITPOINT WARNING * * *
You hit the orc but do no damage. The orc closely misses you.
You hit the orc but do no damage. The orc hits you but does no damage.
You hit the orc but do no damage. The orc hits you with a +0 flail!
* * * LOW HITPOINT WARNING * * *
You hit the orc but do no damage. The orc misses you.
You completely miss the orc. The orc hits you with a +0 flail!
You die...

#.).).......#...#......#...
####........#.)##.....##.##
###....##.......#.....#
#(...........##.#####
##.<[.....#..)..#
####.......##..####
#......>.......#
#.#####o#.#.##.# #.#
#@#.#....# #.# #####.#.####
#.###.....#.# #...#.###.#.#
###.#.#.....# #.#.#.##### #
#.#.#.# # #.#.#.######## #
#.#.#........#


You could see an orc.

Vanquished Creatures
  An adder (D:2)
  2 worms
  6 dart slugs
  6 orcs (D:3)
  4 endoplasms
  5 giant cockroaches
  6 goblins
  7 hobgoblins
  6 jackals (D:2)
  6 kobolds
  3 quokkas
  5 ball pythons
  3 bats
  5 frilled lizards
  7 rats
72 creatures vanquished.

Notes
Turn   | Place    | Note
-------+----------+-------------------------------------------
     0 | D:1      | cdecastro the Djinni Transmuter began the quest for the
                  | Orb.
     0 | D:1      | cdecastro set off with the following spells memorised:
                  | Beastly Appendage, Wereblood, Spider Form, Ice Form.
     0 | D:1      | Reached XP level 1. HP: 17/17 MP: 0/0
    79 | D:1      | Found Mepu Hash's Antique Armour Shop.
   206 | D:1      | Reached XP level 2. HP: 14/22 MP: 0/0
   624 | D:1      | Reached XP level 3. HP: 16/27 MP: 0/0
   624 | D:1      | Learned a level 1 spell: Shock
  1083 | D:1      | Found a faded altar of an unknown god.
  1365 | D:2      | Reached XP level 4. HP: 33/33 MP: 0/0
  1425 | D:2      | HP: 1/33 [adder (2)]
  2654 | D:3      | Reached XP level 5. HP: 38/39 MP: 0/0
  2654 | D:3      | Learned a level 2 spell: Blink
  3388 | D:3      | Slain by an orc

Illustrated notes

Levels and vault maps discovered:
D:1:      lightli_iron_boxes, layout_basic,
          hellmonk_ecumenical_altar_leap_of_faith, serial_shops, shop,
          grunt_decor_resistance, minmay_tromino_v4_c
D:2:      layout_basic
D:3:      layout_basic, hangedman_decor_points
D:4:      layout_rooms, tso_altar, nicolae_kikubaaqudgha_miasma_corner,
          lemuel_temple_firewalk_b, kennysheep_decorative_pillar,
          nicolae_wooded_promenade, kennysheep_generic_room_8

Skill      XL: |  1  2  3  4 |
---------------+-------------+-----
Spellcasting   | 2 3 |  3.2
Fighting       | 2 |  2.5
Dodging        | |  2.1
Unarmed Combat | |  3.0

Action                     |  1- 3 |  4- 6 || total
---------------------------+-------+-------++-------
  Melee: Dagger            |   108 |   183 ||   291
         Headbutt          |    21 |    29 ||    50
         Unarmed           |     4 |       ||     4
         Punch             |     3 |     6 ||     9
   Cast: Beastly Appendage |    26 |    26 ||    52
         Shock             |     2 |       ||     2
         Wereblood         |     1 |     4 ||     5
    Use: Potion            |       |     1 ||     1
 Armour: Robe              |    17 |    34 ||    51
         Skin              |       |     7 ||     7
  Dodge: Dodged            |    76 |    97 ||   173
